 Dungeon Crawl Stone Soup version 0.25.1-2-g60ff931df9 (webtiles) character file.

Game seed: 3129756719007441770

104 Delamore the Skirmisher (level 4, 0/29 HPs)
             Began as a Gargoyle Fighter on Oct 28, 2020.
             Slain by a gnoll
             ... wielding a +0 halberd
              (6 damage)
             ... on level 3 of the Dungeon.
             The game lasted 00:02:02 (2168 turns).

Delamore the Skirmisher (Gargoyle Fighter)          Turns: 2168, Time: 00:02:02

Health: 0/29       AC: 13    Str: 20    XL:     4   Next: 80%
Magic:  4/4        EV:  7    Int:  9    God:
Gold:   159        SH:  9    Dex:  9    Spells: 3/3 levels left

rFire    . . .     SeeInvis .   a - +0 flail
rCold    + . .     Gourm    .   c - +0 kite shield
rNeg     + . .     Faith    .   q - +2 scale mail {rC+}
rPois    ∞         Spirit   .   (no helmet)
rElec    +         Reflect  .   g - +0 cloak
rCorr    .         Harm     .   (no gloves)
MR       .....                  (no boots)
Stlth    ..........             (no amulet)
HPRegen  0.09/turn              (no ring)
MPRegen  0.09/turn              (no ring)

@: no status effects
A: negative energy resistance 1, electricity resistance, unbreathing,
petrification resistance, rot immunity, AC +3
a: no special abilities


You were on level 3 of the Dungeon.
You were near starving.

You visited 1 branch of the dungeon, and saw 3 of its levels.

You collected 159 gold pieces.

Inventory:

Hand Weapons
 a - a +0 flail (weapon)
Armour
 b - a +0 scale mail
 c - a +0 kite shield (worn)
 g - a +0 cloak (worn)
 q - a +2 scale mail of cold resistance (worn)
Scrolls
 h - a scroll of fear {unknown}
 j - a scroll of immolation {unknown}
 k - a scroll of magic mapping {unknown}
 n - 2 scrolls of identify {unknown}
 o - a scroll of remove curse {unknown}
Potions
 d - a potion of might
 e - 2 potions of magic {unknown}
 i - a potion of curing {unknown}
 l - a potion of degeneration {unknown}
 m - 2 potions of berserk rage {unknown}
 p - a potion of resistance {unknown}
 r - a potion of heal wounds {unknown}
 s - 3 potions of haste {unknown}
Comestibles
 f - a ration


   Skills:
 + Level 4.3 Fighting
 + Level 3.2 Maces & Flails
 - Level 3.2 Armour
 + Level 4.3 Shields


You had 3 spell levels left.
You didn't know any spells.
Your spell library was empty.

Dungeon Overview and Level Annotations

Branches:
Dungeon (3/15)

Altars:
Qazlal
Trog
Yredelemnul

Annotations:
D:3 Robin


Innate Abilities, Weirdness & Mutations

You are resistant to torment.
Your stone body is resilient. (AC +3)
You are immune to poison.
You resist negative energy. (rN+)
You are resistant to electric shocks. (rElec)
You can survive without breathing.
You are immune to petrification.
You are immune to rotting.


Message History

* * * LOW HITPOINT WARNING * * *
The gnoll barely misses you.
Your shield and scale mail prevent you from hitting the gnoll.
The gnoll hits you but does no damage. You block the gnoll's attack.
You hit the gnoll.
The gnoll is lightly wounded.
The gnoll hits you but does no damage. The gnoll barely misses you.
You hit the gnoll.
The gnoll is lightly wounded.
The gnoll hits you.
* * * LOW HITPOINT WARNING * * *
You block the gnoll's attack.
You sock the gnoll!
The gnoll is severely wounded.
You block the gnoll's attack. The gnoll hits you but does no damage.
The gnoll barely misses you.
You closely miss the gnoll.
The gnoll is severely wounded.
The gnoll hits you with a +0 halberd.
You die...

##+## ##...##
##.....##
###.......## ####
##.........####≈_#
.g.....g...'gg##.#
##.....)...##gggg#
###....<..######@#
# ##.....## #≈_# #
##...## #### #
##'## # #.## #..#
##.#.# ##.###..
####...#.###


You could see 2 gnolls, a hobgoblin and 3 goblins.

Vanquished Creatures
  An adder (D:2)
  A gnoll (D:3)
  An ooze (D:2)
  3 worms
  2 dart slugs
  2 leopard geckos
  8 giant cockroaches
  14 goblins
  5 hobgoblins
  2 jackals (D:1)
  A quokka (D:2)
  8 bats
  5 kobolds
  6 rats
  A spectral orc (D:2)
60 creatures vanquished.

Notes
Turn   | Place    | Note
-------+----------+-------------------------------------------
     0 | D:1      | Delamore the Gargoyle Fighter began the quest for the Orb.
     0 | D:1      | Reached XP level 1. HP: 14/14 MP: 1/1
   165 | D:1      | Reached XP level 2. HP: 14/19 MP: 2/2
   381 | D:1      | Reached XP level 3. HP: 22/24 MP: 3/3
  1310 | D:2      | Reached XP level 4. HP: 29/29 MP: 4/4
  1682 | D:2      | Found a basalt altar of Yredelemnul.
  2023 | D:3      | Found a stormy altar of Qazlal.
  2023 | D:3      | Found a bloodstained altar of Trog.
  2091 | D:3      | Noticed Robin
  2168 | D:3      | Slain by a gnoll

Illustrated notes

Levels and vault maps discovered:
D:1:      lightli_arrival_boilingwater, layout_basic
D:2:      layout_basic, yredelemnul_forgotten_temple_becter
D:3:      layout_loops_corners, gammafunk_temple_overflow_elements,
          chequers_ecumenical_altar_simple, corexii_item_surrounded_by_moat,
          chequers_jeans, uniq_robin

Skill      XL: |  1  2  3  4 |
---------------+-------------+-----
Fighting       | 4 |  4.3
Shields        | 4 |  4.3
Maces & Flails | 3 |  3.2
Armour         | |  3.2

Action                   |  1- 3 |  4- 6 || total
-------------------------+-------+-------++-------
Melee: Flail             |   172 |   112 ||   284
  Eat: Chunk             |     2 |     1 ||     3
Armor: Scale mail        |   139 |    69 ||   208
Dodge: Dodged            |    70 |    46 ||   116
Block: Kite shield       |   126 |    69 ||   195
